 Dungeon Crawl Stone Soup version 0.27.1-2-g3b301248ec (webtiles) character file.

Game seed: 10955727927245272725

2903 nxtlvl the Cleaver (level 9, -2/75 HPs)
             Began as a Purple Draconian Berserker on Sept 22, 2021.
             Was a Priest of Trog.
             Shot with an arrow by a centaur (4 damage)
             ... on level 9 of the Dungeon.
             The game lasted 00:27:14 (2588 turns).

nxtlvl the Cleaver (Purple Draconian Berserker)     Turns: 2588, Time: 00:27:15

Health: -2/75      AC:  7    Str: 20    XL:     9   Next: 49%
Magic:  9/9        EV: 14    Int:  8    God:    Trog [***...]
Gold:   315        SH:  4    Dex: 19    Spells: 8/8 levels left

rFire    . . .     SeeInvis .   a - +0 hand axe (elec)
rCold    . . .     Faith    .   c - +0 buckler
rNeg     . . .     Spirit   .   (armour unavailable)
rPois    .         Reflect  .   (helmet restricted)
rElec    .         Harm     .   (no cloak)
rCorr    .         Rampage  .   (no gloves)
Will     +....                  (no boots)
Stlth    ++........             (no amulet)
HPRegen  0.22/turn              l - +6 ring of dexterity
MPRegen  0.11/turn              (no ring)

@: on berserk cooldown
A: breathe power, AC +7, unfitting armour, cold-blooded
a: Breathe Dispelling Energy, Renounce Religion, Berserk, Trog's Hand


You were on level 9 of the Dungeon.
You worshipped Trog.
Trog was most pleased with you.
You visited 1 branch of the dungeon, and saw 9 of its levels.
You also visited: Sewer.

You collected 315 gold pieces.

Inventory:

Hand Weapons
 a - a +0 hand axe of electrocution (weapon)
 b - a +0 hunting sling
 x - a +2 vorpal shortbow
Missiles
 o - 15 poisoned darts (quivered)
 r - 70 bolts
 t - 115 arrows
 u - 6 javelins
 E - 10 sling bullets
 F - 2 boomerangs of dispersal
Armour
 c - a +0 buckler (worn)
Magical Staves
 B - a staff of poison
Jewellery
 l - a +6 ring of dexterity (left hand)
 C - a ring of poison resistance
Wands
 m - a wand of charming (1)
 v - a wand of polymorph (5)
 y - a wand of iceblast (6)
 D - a wand of paralysis (8)
Scrolls
 g - 3 scrolls of amnesia {unknown}
 h - a scroll of brand weapon {unknown}
 j - 3 scrolls of teleportation {unknown}
 k - 3 scrolls of fog {unknown}
 n - a scroll of vulnerability {unknown}
 p - a scroll of blinking {unknown}
 q - 2 scrolls of summoning {unknown}
 s - 3 scrolls of noise {unknown}
 w - 2 scrolls of identify {unknown}
 A - a scroll of fear {unknown}
 I - a scroll of enchant armour {unknown}
Potions
 d - a potion of invisibility {unknown}
 e - 3 potions of haste
 f - a potion of mutation {unknown}
 z - a potion of lignification
 G - a potion of brilliance {unknown}
 H - a potion of curing {unknown}


   Skills:
 + Level 5.7 Fighting
 * Level 11.4 Axes
 + Level 4.6 Dodging
 + Level 3.5 Evocations


You had 8 spell levels left.
You didn't know any spells.
Your spell library contained the following spells:

 Spells                   Type           Power      Damage    Failure   Level
 Ensorcelled Hibernation  Hex/Ice        0%         N/A       73%         2
 Spider Form              Tmut/Pois      0%         N/A       91%         3
 Animate Dead             Necr           0%         N/A       100%        4
 Borgnjor's Vile Clutch   Necr/Erth      0%         N/A       100%        5
 Death Channel            Necr           0%         N/A       100%        6
 Shadow Creatures         Summ           N/A        N/A       100%        6


Dungeon Overview and Level Annotations

Branches:
Dungeon (9/15)             Temple (0/1) D:6           Sewer (visited)
   Lair: D:8-11         Orc: D:9-12

Altars:
Ashenzari
Dithmenos
Hepliaklqana
Ru
Vehumet


Innate Abilities, Weirdness & Mutations

You can breathe bolts of dispelling energy.
Your rich purple scales are hard. (AC +7)
You cannot fit into any form of body armour.
You are cold-blooded and may be slowed by cold attacks.


Message History

The steam dragon bites you. The steam dragon misses you.
You closely miss the steam dragon. You tail-slap the steam dragon.
The steam dragon is heavily wounded.
You completely miss the steam dragon.
The steam dragon is heavily wounded.
You block the steam dragon's attack. The steam dragon claws you.
You hit the steam dragon.
Lightning courses through the steam dragon!!
You kill the steam dragon!
Trog accepts your kill.
There is an open door, spattered with blood here.
You feel a strong urge to attack something.
You feel your anger nearly subside.
You are no longer berserk.
You are exhausted.
You feel yourself slow down.
Okay, then.
You open the door.
There is an open door here.
Found a war axe.
A centaur comes into view.
Found 28 arrows.
The centaur shouts!
The centaur wields a +1 shortbow of flaming.
It bursts into flame!
The centaur shoots an arrow.
The arrow closely misses you.
The centaur shoots an arrow.
The arrow hits you. The arrow burns you.
The centaur shoots an arrow.
The arrow hits you! The arrow burns you.
The centaur shoots an arrow.
The arrow hits you! The arrow burns you.
* * * LOW HITPOINT WARNING * * *
The centaur shoots an arrow.
The arrow closely misses you.
The centaur shoots an arrow.
The arrow hits you.
* * * LOW HITPOINT WARNING * * *
The arrow burns you.
* * * LOW HITPOINT WARNING * * *
You feel yourself speed up.
The centaur shoots an arrow.
The arrow hits you but does no damage.
The centaur shoots an arrow.
The arrow hits you!
* * * LOW HITPOINT WARNING * * *
The arrow burns you.
You die...

#.......# #.).....#
#.......# #.....c.#
######.## #.# #.##
#..# #####@####
#+#### #........#
.[...# #........#
.....### #........#
..<..'.#####........#
.....#.....#........#
.....#####.'........#
.....# ###........#
.....# #........#


You could see a centaur.

Vanquished Creatures
  A wyvern (D:9)
  A steam dragon (D:9)
  A water moccasin (D:5)
  Purgy (Sewer)
  An ice beast (D:6)
  3 orc warriors
  3 sky beasts
  An ogre (D:6)
  5 centaurs
  3 kobold brigands
  3 bullfrogs (D:8)
  3 wights (D:5)
  2 bullfrog zombies (D:5)
  2 centaur zombies
  A hound (D:6)
  4 orc priests
  A gnoll shaman (D:8)
  2 centaur skeletons
  9 orc wizards
  A scorpion zombie (D:4)
  A hound zombie (D:4)
  A hound skeleton (D:5)
  A howler monkey zombie (D:7)
  7 gnolls
  2 adders
  2 white imps (D:5)
  A worm (D:5)
  A dart slug (D:2)
  11 orcs
  2 endoplasms
  4 goblins (D:2)
  2 hobgoblins (D:1)
  A quokka (D:3)
  A bat (D:1)
  2 frilled lizards
  15 kobolds
  A rat (D:2)
103 creatures vanquished.

Vanquished Creatures (others)
  2 plants (D:2)
2 creatures vanquished.

Grand Total: 105 creatures vanquished

Notes
Turn   | Place    | Note
-------+----------+-------------------------------------------
     0 | D:1      | nxtlvl the Draconian Berserker began the quest for the Orb.
     0 | D:1      | Reached XP level 1. HP: 19/19 MP: 1/1
   142 | D:2      | Reached XP level 2. HP: 22/26 MP: 2/2
   493 | D:3      | Found a broken altar of Ashenzari.
   515 | D:4      | Reached skill level 4 in Axes
   544 | D:4      | Reached XP level 3. HP: 17/31 MP: 3/3
   559 | D:5      | Entered Level 5 of the Dungeon
   682 | D:5      | Reached skill level 5 in Axes
   682 | D:5      | Reached XP level 4. HP: 38/38 MP: 4/4
   776 | D:5      | Noticed a water moccasin
   785 | D:5      | Killed a water moccasin
   786 | D:5      | Reached skill level 6 in Axes
   786 | D:5      | Reached XP level 5. HP: 45/45 MP: 5/5
   845 | D:5      | Reached skill level 7 in Axes
   845 | D:5      | Reached XP level 6. HP: 36/51 MP: 6/6
   950 | D:5      | Noticed a sky beast
   959 | D:5      | Killed a sky beast
  1001 | D:5      | Found a glowing drain.
  1006 | D:5      | Reached ** piety under Trog
  1022 | Sewer    | Entered a sewer
  1131 | Sewer    | Noticed Purgy
  1136 | Sewer    | Killed Purgy
  1137 | Sewer    | Reached skill level 8 in Axes
  1137 | Sewer    | Your scales start taking on a rich purple colour.
  1137 | Sewer    | Reached XP level 7. HP: 57/57 MP: 7/7
  1205 | D:6      | Reached skill level 9 in Axes
  1356 | D:6      | Reached XP level 8. HP: 26/63 MP: 8/8
  1379 | D:6      | Found a staircase to the Ecumenical Temple.
  1440 | D:6      | Reached skill level 10 in Axes
  1558 | D:8      | Found a shadowy altar of Dithmenos.
  1560 | D:8      | Found a hazy altar of Hepliaklqana.
  1683 | D:8      | Reached skill level 1 in Evocations
  1955 | D:7      | Reached *** piety under Trog
  2012 | D:8      | Reached XP level 9. HP: 18/73 MP: 9/9
  2147 | D:8      | Found a radiant altar of Vehumet.
  2189 | D:8      | Reached skill level 5 in Fighting
  2189 | D:8      | Reached skill level 11 in Axes
  2226 | D:8      | Found a sacrificial altar of Ru.
  2588 | D:9      | HP: 2/75 [centaur/arrow (10)]
  2588 | D:9      | Shot with an arrow by a centaur

Illustrated notes

Levels and vault maps discovered:
D:1:      dpeg_arrival_arbitrary_b, layout_basic
D:2:      wad_lake_hut, layout_rooms, kennysheep_nondescript,
          kennysheep_generic_room_12, uniq_crazy_yiuf_cottage
D:3:      layout_loops_corners, overflow_temple_1_default,
          lightli_temple_of_fire, lemuel_crystal_altar, basic_ecumenical_altar,
          uniq_grinder
D:4:      layout_loops_cross, amcnicky_altar_gilded, serial_undead,
          serial_undead_f, serial_undead_e, serial_undead_a, serial_undead_c,
          st_stairs_3
D:5:      layout_gridville, cheibrodos_sewer_entry_bend, st_stairs_3
D:6:      layout_basic, led_xom_imps, minmay_temple_entry_grid, uniq_sigmund
D:7:      layout_basic
D:8:      layout_gridville, riverfiend_overflow_shadow_ancestor,
          chequers_temple_overflow_statue_of_worship, uniq_erica
D:9:      layout_roguey

Skill      XL: |  1  2  3  4  5  6  7  8  9 |
---------------+----------------------------+-----
Axes           | 4 5 6 7 8 9 10 11 | 11.4
Dodging        | 4 |  4.6
Fighting       | 4 5 |  5.7
Evocations     | 2 3 |  3.5

Action                   |  1- 3 |  4- 6 |  7- 9 || total
-------------------------+-------+-------+-------++-------
Melee: Hand axe          |    48 |     2 |    15 ||    65
       Tailslap          |     3 |     2 |    37 ||    42
       War axe           |       |    41 |   188 ||   229
 Fire: Hunting sling     |       |       |     5 ||     5
Throw: Dart              |       |       |     6 ||     6
Invok: Berserk           |     4 |     4 |    13 ||    21
       Trog's Hand       |       |     1 |     2 ||     3
 Abil: Breathe Dispellin |       |       |     5 ||     5
  Use: Potion            |       |       |     2 ||     2
 Stab: Sleeping          |     1 |     2 |     2 ||     5
Armor: Skin              |    16 |     9 |    75 ||   100
Dodge: Dodged            |    28 |    30 |   109 ||   167
Block: Buckler           |       |       |     4 ||     4
